AoeStats
← Cuchodark_79

Arabia

510028095Analyzed
1v1 RM · 2d ago on Sep 29, 2026· 24m 51s· 2 players
Game mode
Random Map
Map size
Tiny (2 player)
Population
200
Speed
Normal
Resources
Standard
Victory
Conquest
Starting age
Dark Age
Ending age
Imperial Age
RankedLock teamsTeams togetherTeam positionsShared explorationLock speedFull tech treeHidden civsTurbo modeCheats
Victory
Defeat
🇺🇸 Hindustanis · United States
1158
+15
🇨🇱 Muisca · Chile
1131
-15
Cuchodark_79
6:54 Loom
10:00 Feudal Age
10:32 Double-Bit Axe
20:09 Castle Age
18:23 Horse Collar
19:00 Fletching
19:42 Gold Mining
20:29 Padded Archer Armor
24:58 Scale Mail Armor
Mrsatan1982
8:07 Loom
11:00 Feudal Age
11:38 Double-Bit Axe
19:27 Castle Age
17:14 Horse Collar
18:31 Scale Mail Armor
19:47 Forging
Connection lost

Rejoining the realm…

Still unreachable

The connection could not be restored.

Session expired

The server has moved on; the page needs a fresh start.